 Dungeon Crawl Stone Soup version 0.20-a0-903-g7e3609c (webtiles) character file.

61074 nikopol the Impaler (level 14, -9/127 HPs)
             Began as a Minotaur Berserker on Mar 21, 2017.
             Was a High Priest of Trog.
             Mangled by an eight-headed hydra (12 damage)
             ... on level 12 of the Dungeon.
             The game lasted 01:05:47 (23930 turns).

nikopol the Impaler (Minotaur Berserker)           Turns: 23930, Time: 01:05:47

Health: -9/127     AC: 18    Str: 23    XL:     14   Next: 59%
Magic:  13/13      EV: 17    Int:  4    God:    Trog [*****.]
Gold:   1755       SH:  0    Dex: 14    Spells: 13/13 levels left

rFire    . . .     SeeInvis .   a - +2 halberd (freeze)
rCold    . . .     Gourm    +   A - +0 scale mail
rNeg     + . .     Faith    .   (shield currently unavailable)
rPois    .         Spirit   .   (helmet restricted)
rElec    .         Reflect  .   W - +2 cloak
rCorr    .         Harm     .   r - +2 pair of gloves
MR       +....                  g - +0 pair of boots
Stlth    ..........             M - amulet of the gourmand
Regen    0.4/turn               R - ring of positive energy
MPRegen  0.2/turn               (no ring)

@: exhausted, slowed, very slow
A: retaliatory headbutt, horns 2
a: Berserk, Trog's Hand, Brothers in Arms, Burn Spellbooks, Renounce Religion


You were on level 12 of the Dungeon.
You worshipped Trog.
Trog was extremely pleased with you.
You were very full.

You visited 2 branches of the dungeon, and saw 19 of its levels.
You also visited: Ice Cave.

You collected 2002 gold pieces.
You spent 247 gold pieces at shops.

Inventory:

Hand Weapons
 a - a +2 halberd of freezing (weapon)
 p - a +0 shortbow
 z - a +5 longbow of freezing
Missiles
 m - 267 arrows (quivered)
Armour
 g - a +0 pair of boots (worn)
 r - a +2 pair of gloves (worn)
 A - a +0 scale mail (worn)
 W - a +2 cloak (worn)
Jewellery
 i - an uncursed ring of flight
 j - a cursed ring of loudness {unknown}
 x - an uncursed ring of protection from magic
 E - an uncursed ring of see invisible
 F - an uncursed ring of poison resistance
 L - a +5 ring of protection
 M - an amulet of the gourmand (around neck)
 R - a ring of positive energy (right hand)
 U - the ring of Xippokomu {rElec rF+ MP+9}
   (You found it in an ice cave)

   [ring of magical power]

   It protects you from fire.
   It insulates you from electricity.
   It affects your magic capacity (+9).
Wands
 d - a wand of confusion (22/48)
 t - a wand of scattershot (3/9)
 G - a wand of digging (15/24)
 N - a wand of disintegration (15/24)
Scrolls
 b - 2 scrolls of identify
 f - a scroll of silence {unknown}
 h - 10 scrolls of teleportation
 o - 3 scrolls of magic mapping
 u - 5 scrolls of fear
 v - a scroll of immolation {unknown}
 y - 6 scrolls of remove curse
 H - 3 scrolls of fog
 K - 2 scrolls of enchant weapon {unknown}
 P - a scroll of blinking
 T - a scroll of brand weapon
 X - a scroll of recharging {unknown}
 Y - a scroll of acquirement {unknown}
Potions
 e - 6 potions of curing
 l - a potion of invisibility
 n - 4 potions of heal wounds
 s - 5 potions of resistance
 w - 2 potions of berserk rage
 B - a potion of cancellation
 C - a potion of agility {unknown}
 D - 4 potions of brilliance
 J - 3 potions of ambrosia
 O - a potion of might {unknown}
 Q - a potion of haste {unknown}
 V - a potion of flight {unknown}
 Z - a potion of lignification {unknown}
Comestibles
 c - 12 bread rations
 k - 11 meat rations
 q - 14 chunks of flesh
 I - 4 royal jellies
 S - 24 fruits


   Skills:
 + Level 12.5 Fighting
 * Level 16.4 Polearms
 * Level 13.7 Bows
 + Level 12.4 Armour
 + Level 11.4 Dodging


You had 13 spell levels left.
You didn't know any spells.

Dungeon Overview and Level Annotations

Branches:
Dungeon (13/15)            Temple (0/1) D:6            Lair (6/6) D:8
  Swamp (0/4) Lair:3        Snake (0/4) Lair:4        Slime (0/5) Lair:5
    Orc: D:9-12      Vaults: D:13-14

Altars:
Ashenzari
Dithmenos
Makhleb
Nemelex Xobeh
Okawaru
Ru
Trog
Uskayaw
Xom
Yredelemnul
Zin
The Shining One
Jiyva

Shops:
D:6 }   D:11 [


Innate Abilities, Weirdness & Mutations

You reflexively headbutt those who attack you in melee.
You have a pair of horns on your head.


Message History

The eight-headed hydra bites you but does no damage.
The two-headed ogre hits you but does no damage.
The two-headed ogre closely misses you.
You feel a strong urge to attack something.
You feel sick.
You feel sick.
You feel your anger subside.
You are no longer berserk.
You are exhausted.
You feel yourself slow down.
You feel better.
The eight-headed hydra bites you but does no damage.
The eight-headed hydra closely misses you.
The eight-headed hydra bites you but does no damage.
The eight-headed hydra barely misses you.
The eight-headed hydra bites you.
* * * LOW HITPOINT WARNING * * *
The eight-headed hydra bites you!
* * * LOW HITPOINT WARNING * * *
The eight-headed hydra bites you!
You die...

##..........#
##..#...#..#
#..+...#..#
#..#...#..#
#..+...#..#
#..#...#..##
#..#...#...####
#..#####..%...#
#....@DT..†...#
#......O.C.((..#
#.........(.().#
#.............(#
#..............((
#..........(....!.
#..................
#..........(.......


You could see an eight-headed hydra, a two-headed ogre, a cyclops and a troll.

Vanquished Creatures
  Rupert (Lair:4)
  An azure jelly (Lair:5)
  2 ice dragons (IceCv)
  4 hydras
  3 catoblepae (Lair:6)
  3 two-headed ogres
  9 death yaks
  3 skeletal warriors (D:13)
  An unseen horror (D:9)
  A deep elf mage (D:13)
  An oklob plant (Lair:2)
  2 manticores
  15 elephants
  2 centaur zombies (D:13)
  3 black mambas
  2 molten gargoyles (Lair:5)
  8 spiny frogs
  2 ice statues (IceCv)
  A torpor snail (Lair:6)
  A kobold demonologist (D:13)
  6 komodo dragons
  6 rime drakes
  2 trolls
  2 polar bears
  A hornet (D:12)
  9 blink frogs
  A slime creature (D:12)
  17 hippogriffs
  17 dream sheep
  24 yaks
  A spriggan (D:7)
  A vampire (D:10)
  7 basilisks
  7 wyverns
  2 hungry ghosts
  A water elemental (D:12)
  4 vampire mosquitoes (D:13)
  5 water moccasins
  3 nagas (Lair:4)
  2 soldier ants (D:13)
  Duvessa (D:4)
  7 porcupines
  A sky beast (D:5)
  A black bear (D:9)
  5 ogres
  4 orc warriors
  25 ice beasts
  3 phantoms
  An eye of draining (D:13)
  2 centaurs
  8 wolves
  14 crocodiles
  13 bullfrogs
  Dowan (D:4)
  A water moccasin zombie (D:3)
  4 scorpions
  5 killer bees (D:9)
  4 wights (D:13)
  4 howler monkeys
  3 electric eels
  5 crimson imps
  4 jellies
  5 lava snakes (Lair:5)
  A quasit (D:6)
  6 orc priests
  5 hounds
  3 bullfrog zombies
  A centaur skeleton (D:10)
  A bullfrog skeleton (D:9)
  2 gnoll shamans
  7 iguanas
  7 orc wizards
  9 worker ants
  5 hell rats (Lair:2)
  A hound zombie (D:8)
  A hound skeleton (D:4)
  A worker ant zombie (D:8)
  9 adders
  11 gnolls
  A shadow imp (D:5)
  An ufetubus (D:12)
  An adder zombie (D:8)
  3 worms
  8 dart slugs
  4 leopard geckos
  44 orcs
  3 giant cockroaches
  2 gnoll zombies (D:5)
  5 goblins
  8 hobgoblins
  8 jackals
  11 kobolds
  7 quokkas
  A ball python (D:1)
  6 bats
  4 frilled lizards
  A jackal skeleton (D:8)
  3 quokka skeletons
  A quokka zombie (D:8)
  9 rats
  A plant (Lair:6)
506 creatures vanquished.

Vanquished Creatures (collateral kills)
  A manticore (Lair:6)
  A yak (Lair:6)
2 creatures vanquished.

Vanquished Creatures (others)
  An orc wizard (D:7)
  A bullfrog simulacrum (D:12)
  8 fungi
  8 plants
18 creatures vanquished.

Grand Total: 526 creatures vanquished

Notes
Turn   | Place    | Note
-------+----------+-------------------------------------------
     0 | D:1      | nikopol the Minotaur Berserker began the quest for the Orb.
     0 | D:1      | Reached XP level 1. HP: 19/19 MP: 0/0
   395 | D:1      | Reached XP level 2. HP: 27/27 MP: 1/1
   651 | D:1      | Reached ** piety under Trog
   651 | D:1      | Reached skill level 4 in Polearms
   651 | D:1      | Reached XP level 3. HP: 33/33 MP: 2/2
  1384 | D:2      | Reached XP level 4. HP: 41/41 MP: 3/3
  1850 | D:3      | Found an iron altar of Okawaru.
  2044 | D:3      | Reached XP level 5. HP: 26/47 MP: 2/4
  2083 | D:3      | Reached *** piety under Trog
  2192 | D:3      | Reached skill level 5 in Fighting
  2772 | D:3      | Reached skill level 5 in Polearms
  2772 | D:3      | Reached XP level 6. HP: 39/56 MP: 1/5
  2958 | D:4      | Noticed Duvessa
  2959 | D:4      | Noticed Dowan
  2995 | D:4      | Killed Duvessa
  2998 | D:4      | Killed Dowan
  2998 | D:4      | Reached skill level 6 in Polearms
  2998 | D:4      | Reached skill level 5 in Armour
  2998 | D:4      | Reached XP level 7. HP: 29/62 MP: 2/6
  3252 | D:4      | Found a sacrificial altar of Ru.
  3362 | D:4      | Found a glowing golden altar of the Shining One.
  3433 | D:4      | Found a sparkling altar of Nemelex Xobeh.
  3436 | D:4      | Reached **** piety under Trog
  3535 | D:4      | Found a shimmering altar of Xom.
  3641 | D:4      | Received a gift from Trog
  3808 | D:4      | Reached skill level 7 in Polearms
  3808 | D:4      | Reached skill level 5 in Dodging
  3949 | D:5      | Entered Level 5 of the Dungeon
  3987 | D:5      | Reached XP level 8. HP: 61/71 MP: 5/7
  4020 | D:5      | Found a burning altar of Makhleb.
  4186 | D:5      | Found a hide-covered altar of Uskayaw.
  4239 | D:5      | Reached skill level 1 in Bows
  4801 | D:5      | Found a basalt altar of Yredelemnul.
  4918 | D:6      | Found Syitag's Gadget Boutique.
  4924 | D:6      | Reached skill level 8 in Polearms
  5079 | D:6      | Found a staircase to the Ecumenical Temple.
  5468 | D:6      | Found a shattered altar of Ashenzari.
  5679 | D:7      | Reached XP level 9. HP: 68/79 MP: 5/8
  5770 | D:7      | Found a glowing silver altar of Zin.
  6565 | D:7      | Reached skill level 9 in Polearms
  6802 | D:8      | Reached skill level 5 in Bows
  6806 | D:8      | Reached ***** piety under Trog
  6853 | D:8      | Found a staircase to the Lair.
  7114 | D:8      | Received a gift from Trog
  7673 | Lair:1   | Entered Level 1 of the Lair of Beasts
  7781 | Lair:1   | Noticed a spiny frog
  7789 | Lair:1   | Killed a spiny frog
  7789 | Lair:1   | Reached skill level 10 in Polearms
  7791 | Lair:1   | Noticed a komodo dragon
  7801 | Lair:1   | Killed a komodo dragon
  7801 | Lair:1   | Reached XP level 10. HP: 75/89 MP: 9/9
  7943 | Lair:1   | Noticed an elephant
  7953 | Lair:1   | Killed an elephant
  7988 | Lair:1   | Noticed an elephant
  7989 | Lair:1   | Noticed an elephant
  7989 | Lair:1   | Noticed an elephant
  7989 | Lair:1   | Noticed an elephant
  8013 | Lair:1   | Killed an elephant
  8281 | Lair:1   | Killed an elephant
  8535 | Lair:1   | Killed an elephant
  8535 | Lair:1   | Reached skill level 11 in Polearms
  8540 | Lair:1   | Killed an elephant
  9198 | Lair:2   | Noticed a black mamba
  9217 | Lair:2   | Killed a black mamba
  9221 | Lair:2   | Reached XP level 11. HP: 58/97 MP: 10/10
  9428 | Lair:2   | Received a gift from Trog
  9916 | Lair:2   | Noticed an oklob plant
 10263 | Lair:2   | Killed an oklob plant
 10693 | Lair:3   | Found a frozen archway.
 10706 | Lair:3   | Reached skill level 12 in Polearms
 10749 | IceCv    | Entered an ice cave
 11794 | IceCv    | Received a gift from Trog
 11919 | IceCv    | Reached skill level 10 in Fighting
 11919 | IceCv    | HP: 5/148 [something (6)]
 12399 | IceCv    | Noticed an ice dragon
 12400 | IceCv    | Noticed an ice dragon
 12417 | IceCv    | Killed an ice dragon
 12426 | IceCv    | Killed an ice dragon
 12605 | IceCv    | Got a slimy amber ring
 12687 | IceCv    | Identified the ring of Xippokomu {rElec rF+ MP+9} (You found it in an ice cave)
 12988 | Lair:3   | Found a staircase to the Swamp.
 12998 | Lair:3   | Reached skill level 10 in Bows
 13184 | Lair:3   | Reached skill level 13 in Polearms
 13184 | Lair:3   | Reached XP level 12. HP: 97/106 MP: 11/11
 13840 | Lair:3   | Reached skill level 10 in Armour
 14184 | Lair:4   | Noticed Rupert
 14192 | Lair:4   | Paralysed by Rupert for 2 turns
 14195 | Lair:4   | Killed Rupert
 14199 | Lair:4   | Received a gift from Trog
 14708 | Lair:4   | Found a staircase to the Snake Pit.
 14943 | Lair:4   | Noticed an eight-headed hydra
 14957 | Lair:4   | Killed a 12-headed hydra
 15194 | Lair:4   | Received a gift from Trog
 15200 | Lair:4   | Reached skill level 14 in Polearms
 15826 | Lair:5   | Received a gift from Trog
 15826 | Lair:5   | Reached XP level 13. HP: 100/116 MP: 12/12
 15948 | Lair:5   | Reached skill level 10 in Dodging
 16011 | Lair:5   | Found a viscous altar of Jiyva.
 16012 | Lair:5   | Found a staircase to the Slime Pits.
 16945 | Lair:5   | Noticed an azure jelly
 16957 | Lair:5   | Killed an azure jelly
 17267 | Lair:5   | Received a gift from Trog
 17337 | Lair:6   | Entered Level 6 of the Lair of Beasts
 17493 | Lair:6   | Reached skill level 15 in Polearms
 19140 | Lair:6   | Received a gift from Trog
 19191 | Lair:6   | Reached XP level 14. HP: 59/126 MP: 13/13
 20611 | D:9      | Found a shadowy altar of Dithmenos.
 20821 | D:9      | Found a bloodstained altar of Trog.
 21088 | D:9      | Received a gift from Trog
 21252 | D:10     | Entered Level 10 of the Dungeon
 22061 | D:11     | Found Tatoroeg's Antique Armour Shoppe.
 22070 | D:11     | Bought a pair of embroidered gloves for 247 gold pieces
 22095 | D:11     | You fall through a shaft for 2 floors!
 22140 | D:13     | Reached skill level 16 in Polearms
 23757 | D:12     | Received a gift from Trog
 23910 | D:12     | Paralysed by a hornet for 2 turns
 23914 | D:12     | Paralysed by a hornet for 3 turns
 23924 | D:12     | HP: 6/190 [eight-headed hydra (4)]
 23930 | D:12     | HP: 3/127 [eight-headed hydra (7)]
 23930 | D:12     | Mangled by an eight-headed hydra

Vault maps used:
D:1:      saegor_arrival_simple_d
D:2:      first_bread
D:3:      okawaru_metal_pillars_1_2
D:4:      led_xom_imps, overflow_temple_1_default,
          nemelex_xobeh_ov_fountains_minmay, nicolae_ru_awakened_eye,
          uniq_duvessa
D:5:      lemuel_doored_altar, lemuel_crystal_altar,
          lemuel_zombie_altar_yredelemnul, minmay_misc_feat_rows
D:6:      cheibrodos_ashenzari_chains, minmay_temple_entry_crystal_x,
          serial_glass, glass_columns_a, glass_columns_a, serial_shops, shop
D:7:      kennysheep_little_box, the_bakery
D:8:      lair_entry_dummy
D:9:      nicolae_overflow_hidden_temple, lemuel_crystal_altar,
          lemuel_crystal_altar
D:11:     orc_david_3, serial_shops, nicolae_shop_stone, uniq_urug, uniq_grum
D:12:     kennysheep_snake, serial_ice, serial_ice_b, serial_ice_j,
          serial_ice_m, serial_ice_f, enter_trove_2, fungi_pond_lemuel,
          kennysheep_four_rooms, uniq_kirke
Lair:1:   lemuel_fruit_tree, infiniplex_staircase_pool_2, serial_bayou_shore_a
Lair:2:   eino_small_chamber_without_monster
Lair:3:   minmay_swamp_entry_reptiles, portal_ice_cave_entry_ice_beasts
Lair:4:   guppyfry_snake_entry_garden, special_room, uniq_rupert
Lair:5:   cheibrodos_magma_flow, slime_altar_1, serial_bayou_shore_b
Lair:6:   evilmike_catoblepas_cave, grunt_megastairs_5
IceCv:    ice_cave_small_dragons

Skill      XL: |  1  2  3  4  5  6  7  8  9 10 11 12 13 14 |
---------------+-------------------------------------------+-----
Fighting       | 4 5 6 7 8 9 10 11 12 | 12.5
Polearms       | 4 5 6 7 8 10 11 13 14 15 16 | 16.4
Armour         | 3 4 5 6 7 8 9 10 11 12 | 12.4
Dodging        | 3 4 5 7 9 10 11 | 11.4
Bows           | 3 6 8 10 11 12 13 | 13.7

Action                   |  1- 3 |  4- 6 |  7- 9 | 10-12 | 13-15 || total
-------------------------+-------+-------+-------+-------+-------++-------
Melee: Spear             |   123 |    86 |       |       |       ||   209
       Headbutt          |    17 |    11 |    30 |   112 |    98 ||   268
       Halberd           |       |    46 |   200 |   429 |   419 ||  1094
 Fire: Shortbow          |       |       |   143 |   323 |   253 ||   719
       Longbow           |       |       |       |       |   129 ||   129
Invok: Berserk           |       |     2 |     1 |     6 |     2 ||    11
       Burn Spellbooks   |       |       |     1 |     2 |     2 ||     5
       Brothers in Arms  |       |       |       |     1 |     1 ||     2
  Use: Scroll            |       |       |     7 |     3 |    16 ||    26
       Potion            |       |       |       |       |     1 ||     1
  Eat: Chunk             |     2 |     6 |    17 |    49 |    26 ||   100
Armor: Animal skin       |     3 |       |       |       |       ||     3
       Leather armour    |     8 |       |       |       |       ||     8
       Ring mail         |     8 |    26 |    45 |       |       ||    79
       Scale mail        |       |       |       |   178 |   125 ||   303
Dodge: Dodged            |    44 |    39 |   108 |   261 |   211 ||   663
